AoeStats
← Ysuixin

Arabia

510036585Analyzed
1v1 RM · 1d ago on Sep 29, 2026· 51m 7s· 2 players
Game mode
Random Map
Map size
Tiny (2 player)
Population
200
Speed
Normal
Resources
Standard
Victory
Conquest
Starting age
Dark Age
Ending age
Imperial Age
RankedLock teamsTeams togetherTeam positionsShared explorationLock speedFull tech treeHidden civsTurbo modeCheats
Victory
Defeat
🇨🇦 Magyars · Canada
1028
+15
🇨🇳 Magyars · China
1005
-15
Ysuixin
7:18 Loom
9:49 Feudal Age
20:09 Castle Age
18:03 Fletching
19:13 Double-Bit Axe
19:15 Horse Collar
21:04 Pikeman
25:53 Wheelbarrow
28:34 Bodkin Arrow
29:33 Padded Archer Armor
30:17 Husbandry
31:43 Thumb Ring
37:53 Imperial Age
36:19 Leather Archer Armor
36:43 Ballistics
36:45 Bloodlines
36:56 Bow Saw
36:49 Heavy Plow
37:41 Scale Barding Armor
37:35 Gold Mining
37:40 Stone Mining
40:04 Chemistry
40:16 Crop Rotation
40:51 Two-Man Saw
41:34 Parthian Tactics
41:46 Hand Cart
41:46 Town Watch
42:11 Corvinian Army
43:16 Chain Barding Armor
44:22 Conscription
45:04 Elite Magyar Huszar
47:03 Heavy Cavalry Archer
49:20 Recurve Bow
51:40 Plate Barding Armor
JimboJim404
6:27 Loom
9:10 Feudal Age
13:06 Double-Bit Axe
14:03 Horse Collar
18:49 Bloodlines
23:36 Castle Age
22:23 Gold Mining
23:17 Fletching
24:14 Bodkin Arrow
24:39 Thumb Ring
24:36 Padded Archer Armor
25:57 Wheelbarrow
26:37 Leather Archer Armor
26:50 Bow Saw
29:09 Heavy Plow
29:51 Gold Shaft Mining
30:09 Ballistics
31:23 Hand Cart
30:53 Town Watch
39:00 Imperial Age
36:43 Scale Barding Armor
36:59 Stone Mining
38:15 Chain Barding Armor
37:39 Treadmill Crane
38:29 Town Patrol
39:56 Bracer
41:00 Chemistry
40:42 Parthian Tactics
39:51 Heavy Cavalry Archer
41:18 Recurve Bow
42:43 Ring Archer Armor
43:04 Conscription
43:59 Corvinian Army
44:10 Siege Engineers
45:01 Plate Barding Armor
46:41 Elite Magyar Huszar
Connection lost

Rejoining the realm…

Still unreachable

The connection could not be restored.

Session expired

The server has moved on; the page needs a fresh start.